 Dungeon Crawl Stone Soup version 0.30-a0-335-ge5acde7520 (webtiles) character file.

Game seed: 6929060013017887916

36 jfcaron the Poker (level 3, -4/31 HPs)
             Began as a Gnoll Reaver on Oct 30, 2022.
             Slain by a goblin
             ... wielding a +2 dagger of electrocution
              (12 damage)
             ... on level 2 of the Dungeon.
             The game lasted 00:02:19 (808 turns).

jfcaron the Poker (Gnoll Reaver)                     Turns: 808, Time: 00:02:20

Health: -4/31      AC:  3    Str: 13    XL:     3   Next: 37%
Magic:  9/9        EV: 12    Int: 18    God:
Gold:   64         SH:  0    Dex: 10    Spells: 8/12 levels left

rFire   . . .      SeeInvis .    a - +0 spear
rCold   . . .      Faith    .    (no shield)
rNeg    . . .      Spirit   .    b - +0 leather armour
rPois   .          Reflect  .    (no helmet)
rElec   .          Harm     .    (no cloak)
rCorr   .          Rampage  .    (no gloves)
Will    .....                    (no boots)
Stlth   +.........               (no amulet)
HPRegen 0.25/turn                e - +6 ring of intelligence
MPRegen 0.11/turn                (no ring)

@: no status effects
A: fangs 1, strong nose, distributed training
a: no special abilities


You were on level 2 of the Dungeon.
You visited 1 branch of the dungeon, and saw 2 of its levels.

You collected 64 gold pieces.

Inventory:

Hand Weapons
 a - a +0 spear (weapon)
Missiles
 d - 28 stones
Armour
 b - a +0 leather armour (worn)
Jewellery
 e - a +6 ring of intelligence (left hand)
Scrolls
 f - a scroll of enchant armour {unknown}
 h - 2 scrolls of immolation {unknown}
 i - a scroll of poison {unknown}
Potions
 c - 3 potions of curing {unknown}
 g - a potion of might {unknown}


   Skills:
 + Level 4.5 Fighting
 + Level 0.8 Short Blades
 + Level 0.8 Long Blades
 + Level 0.8 Axes
 + Level 0.8 Maces & Flails
 + Level 6.5 Polearms
 + Level 0.8 Staves
 + Level 0.8 Ranged Weapons
 + Level 0.8 Throwing
 + Level 0.8 Armour
 + Level 4.5 Dodging
 + Level 0.8 Stealth
 + Level 0.8 Shields
 + Level 0.8 Unarmed Combat
 + Level 5.0 Spellcasting
 + Level 5.4 Conjurations
 + Level 0.5 Hexes
 + Level 0.5 Summonings
 + Level 0.5 Necromancy
 + Level 0.5 Translocations
 + Level 0.5 Transmutations
 + Level 0.5 Fire Magic
 + Level 0.5 Ice Magic
 + Level 0.5 Air Magic
 + Level 0.5 Earth Magic
 + Level 0.5 Poison Magic
 + Level 1.0 Invocations
 + Level 0.8 Evocations


You had 8 spell levels left.
You knew the following spells:

 Your Spells              Type           Power      Damage    Failure   Level
a - Kiss of Death         Conj/Necr      60%        2d10      4%          1
b - Momentum Strike       Conj/Tloc      30%        3d8       8%          2
c - Shock                 Conj/Air       60%        1d6       4%          1

Your spell library contained the following spells:

 Spells                   Type           Power      Damage    Failure   Level
 Hailstorm                Conj/Ice       15%        3d5       14%         3
 Swiftness                Air            6%         N/A       36%         3
 Airstrike                Air            3%         2d(1-17)  78%         4


Dungeon Overview and Level Annotations

Branches:
Dungeon (2/15)

Altars:


Innate Abilities, Weirdness & Mutations

You have very sharp teeth.
Your uncanny sense of smell can sniff out nearby items.
Your experience applies equally to all skills.


Message History

The giant cockroach is moderately wounded.
The giant cockroach bites you.
You barely miss the giant cockroach.
The giant cockroach is moderately wounded.
The giant cockroach bites you but does no damage.
You closely miss the giant cockroach.
The giant cockroach is moderately wounded.
The giant cockroach bites you.
You barely miss the giant cockroach.
The giant cockroach is moderately wounded.
The giant cockroach barely misses you.
You barely miss the giant cockroach.
You bite the giant cockroach, but do no damage.
The giant cockroach is moderately wounded.
You hit the giant cockroach.
You kill the giant cockroach!
No target in view!
No target in view!
No target in view!
You start resting.
HP restored.
You climb downwards.
The goblin hits you with a +2 dagger of electrocution.
There is a stone staircase leading up here.
You hit the goblin.
The goblin is severely wounded.
The goblin hits you with a +2 dagger of electrocution.
You closely miss the goblin. You bite the goblin, but do no damage.
The goblin is severely wounded.
The goblin hits you with a +2 dagger of electrocution.
You are electrocuted!
* * * LOW HITPOINT WARNING * * *
You are too injured to fight recklessly!
You are too injured to fight recklessly!
You closely miss the goblin.
The goblin is severely wounded.
The goblin hits you with a +2 dagger of electrocution.
* * * LOW HITPOINT WARNING * * *
You are electrocuted!
You die...

#.. ... ..
.. ∆ .###
..# .#
#!##.##..!##
#[..@g......
#....$...###
#........#
#..#.#.###
......#.#
.##......# #
## ### #


You could see a goblin.

Vanquished Creatures
  3 bats (D:1)
  2 endoplasms (D:1)
  5 giant cockroaches (D:1)
  7 jackals (D:1)
  3 quokkas (D:1)
  5 ball pythons (D:1)
  A frilled lizard (D:1)
  2 goblins (D:1)
  A kobold (D:1)
  A rat (D:1)
30 creatures vanquished.

Notes
Turn   | Place    | Note
-------+----------+-------------------------------------------
     0 | D:1      | jfcaron the Gnoll Reaver began the quest for the Orb.
     0 | D:1      | Reached XP level 1. HP: 20/20 MP: 6/6
   211 | D:1      | Reached XP level 2. HP: 25/26 MP: 7/7
   225 | D:1      | Learned a level 2 spell: Momentum Strike
   391 | D:1      | Reached skill level 5 in Spellcasting
   391 | D:1      | Reached XP level 3. HP: 28/31 MP: 7/9
   539 | D:1      | Reached skill level 1 in Invocations
   727 | D:1      | Learned a level 1 spell: Shock
   808 | D:2      | Slain by a goblin

Illustrated notes

Levels and vault maps discovered:
D:1:      dpeg_arrival_signposts, layout_rooms, minivault_23
D:2:      layout_loops_cross, basic_ecumenical_altar

Skill      XL: |  1  2  3 |
---------------+----------+-----
Spellcasting   | 5 |  5.0
Invocations    | 1 |  1.0
Fighting       | |  4.5
Short Blades   | |  0.8
Long Blades    | |  0.8
Axes           | |  0.8
Maces & Flails | |  0.8
Polearms       | |  6.5
Staves         | |  0.8
Ranged Weapons | |  0.8
Throwing       | |  0.8
Armour         | |  0.8
Dodging        | |  4.5
Stealth        | |  0.8
Shields        | |  0.8
Unarmed Combat | |  0.8
Conjurations   | |  5.4
Hexes          | |  0.5
Summonings     | |  0.5
Necromancy     | |  0.5
Translocations | |  0.5
Transmutations | |  0.5
Fire Magic     | |  0.5
Ice Magic      | |  0.5
Air Magic      | |  0.5
Earth Magic    | |  0.5
Poison Magic   | |  0.5
Evocations     | |  0.8

Action                   || total
-------------------------++-------
Melee: Spear             ||   145
       Bite              ||    15
Armor: Leather armour    ||    32
Dodge: Dodged            ||    79

Table legend: (Time is in decaauts)
 A = Elapsed time spent in this place.
 B = Non-inter-level travel time spent in this place.
 C = Inter-level travel time spent in this place.
 D = Time resting spent in this place.
 E = Time spent auto-exploring this place.
 F = Levels seen in this place.
 G = Mean time per level.
                   A        B        C        D        E       F      G
               +--------+--------+--------+--------+--------+-----+--------+
         Total |    776 |    742 |     34 |     22 |    546 |   2 |  388.0 |
       Dungeon |    776 |    742 |     34 |     22 |    546 |   2 |  388.0 |
               +--------+--------+--------+--------+--------+-----+--------+

Top non-repeatable levels by time:
     D:1: 769 daAuts
     D:2: 7 daAuts
